 Dungeon Crawl Stone Soup version 0.20-a0-927-g1ae2c61 (webtiles) character file.

18254 hittemvvvvhard the Zephyrmancer (level 12, -14/106 HPs)
             Began as a Red Draconian Air Elementalist on Mar 28, 2017.
             Was an Elder of Vehumet.
             Demolished by an alligator simulacrum (19 damage)
             ... in an ice cave.
             The game lasted 01:17:40 (22288 turns).

hittemvvvvhard the Zephyrmancer (DrAE)             Turns: 22288, Time: 01:17:40

Health: -14/106    AC: 12    Str: 12    XL:     12   Next: 26%
Magic:  2/24       EV: 16    Int: 23    God:    Vehumet [****..]
Gold:   447        SH:  0    Dex: 11    Spells: 4/28 levels left

rFire    + . .     SeeInvis .   a - +1 morningstar
rCold    . . .     Gourm    .   (no shield)
rNeg     . . .     Faith    .   (armour unavailable)
rPois    +         Spirit   .   (helmet restricted)
rElec    .         Reflect  .   Q - +1 cloak {rPois}
rCorr    .         Harm     .   G - +0 pair of gloves
MR       .....                  C - +0 pair of boots
Stlth    +++.......             p - amulet of rage
Regen    0.3/turn               c - ring of stealth
MPRegen  0.2/turn               q - +3 ring of intelligence

@: swift, slowed, slow
A: breathe fire, unfitting armour, fire resistance 1, cold-blooded, AC +8
a: Breathe Fire, Renounce Religion, Evoke Berserk Rage


You were in an ice cave.
You worshipped Vehumet.
Vehumet was greatly pleased with you.
You were not hungry.

You visited 3 branches of the dungeon, and saw 15 of its levels.
You also visited: Ice Cave.

You collected 672 gold pieces.
You spent 225 gold pieces at shops.

Inventory:

Hand Weapons
 a - a +1 morningstar (weapon)
Missiles
 F - a throwing net
 R - 5 tomahawks (quivered)
Armour
 C - a +0 pair of boots (worn)
 G - a +0 pair of gloves (worn)
 Q - a +1 cloak of poison resistance (worn)
Jewellery
 c - a ring of stealth (left hand)
 p - an amulet of rage (around neck)
 q - a +3 ring of intelligence (right hand)
 y - an uncursed ring of poison resistance
 A - an uncursed ring of fire
Wands
 v - a wand of random effects (34/48)
 I - a wand of flame (17/48)
 J - a wand of acid (7/15)
 K - a wand of iceblast (4/15)
 N - a wand of polymorph (15/24)
 T - a wand of enslavement (14/24)
 Z - a wand of polymorph (13/24)
Scrolls
 b - a scroll of enchant armour {unknown}
 d - a scroll of vulnerability {unknown}
 f - 3 scrolls of recharging
 l - a scroll of immolation {unknown}
 o - a scroll of enchant weapon
 w - a scroll of fog
 z - 3 scrolls of remove curse
 D - a scroll of blinking {unknown}
 E - 3 scrolls of amnesia
 H - a scroll of holy word {unknown}
 O - a scroll of torment {unknown}
 V - a scroll of teleportation
 X - 2 scrolls of identify
Potions
 e - 3 potions of curing
 h - a potion of brilliance {unknown}
 i - a potion of might {unknown}
 j - 3 potions of degeneration
 k - a potion of agility
 s - a potion of mutation {unknown}
 t - a potion of cancellation {unknown}
 u - 3 potions of flight
 x - 4 potions of lignification
 B - a potion of magic {unknown}
 P - 3 potions of berserk rage
 S - 2 potions of resistance {unknown}
 U - a potion of haste {unknown}
Books
 m - a book of Callings

   Spells                             Type                      Level
   a - Summon Small Mammal            Summoning                    1
   b - Call Imp                       Summoning                    2
   c - Call Canine Familiar           Summoning                    3
   d - Summon Guardian Golem          Hexes/Summoning              3
   e - Summon Lightning Spire         Summoning/Air                4
   f - Summon Ice Beast               Ice/Summoning                4
 L - a book of Air

   Spells                             Type                      Level
   a - Shock                          Conjuration/Air              1
   b - Swiftness                      Charms/Air                   2
   c - Static Discharge               Conjuration/Air              3
   d - Airstrike                      Air                          4
   e - Lightning Bolt                 Conjuration/Air              5
 M - a book of Debilitation

   Spells                             Type                      Level
   a - Corona                         Hexes                        1
   b - Slow                           Hexes                        2
   c - Inner Flame                    Hexes/Fire                   3
   d - Portal Projectile              Hexes/Translocation          3
   e - Cause Fear                     Hexes                        4
   f - Leda's Liquefaction            Hexes/Earth                  4
 W - a book of Minor Magic

   Spells                             Type                      Level
   a - Magic Dart                     Conjuration                  1
   b - Blink                          Translocation                2
   c - Call Imp                       Summoning                    2
   d - Slow                           Hexes                        2
   e - Conjure Flame                  Conjuration/Fire             3
   f - Mephitic Cloud                 Conjuration/Poison/Air       3
Comestibles
 g - 5 meat rations
 n - 9 bread rations
 r - 5 fruits


   Skills:
 + Level 9.7 Fighting
 + Level 8.2 Dodging
 - Level 1.7 Stealth
 - Level 8.6 Spellcasting
 - Level 4.0 Conjurations
 - Level 1.0 Charms
 - Level 4.4 Summonings
 * Level 1.7 Translocations
 - Level 5.0 Fire Magic
 + Level 10.5 Air Magic
 * Level 1.7 Poison Magic
 - Level 3.4 Evocations


You had 4 spell levels left.
You knew the following spells:

 Your Spells              Type           Power        Failure   Level  Hunger
a - Shock                 Conj/Air       ####         1%          1    None
b - Swiftness             Chrm/Air       #####...     1%          2    None
c - Airstrike             Air            ######....   1%          4    ##.....
d - Static Discharge      Conj/Air       #####...     1%          3    None
e - Summon Lightning Spi  Summ/Air       #####...     3%          4    ##.....
f - Sticky Flame          Conj/Fire      ####....     3%          4    ##.....
g - Blink                 Tloc           N/A          6%          2    None
h - Olgreb's Toxic Radia  Pois           ###.....     11%         4    ##.....


Dungeon Overview and Level Annotations

Branches:
Dungeon (12/15)            Temple (1/1) D:7            Lair (2/6) D:9
  Swamp: Lair:2-4    Shoals: Lair:2-4     Snake: Lair:2-4    Spider: Lair:2-4
    Orc: D:9-12

Altars:
Ashenzari
Cheibriados
Dithmenos
Elyvilon
Fedhas
Gozag
Hepliaklqana
Kikubaaqudgha
Makhleb
Nemelex Xobeh
Okawaru
Qazlal
Ru
Sif Muna
Trog
Uskayaw
Vehumet
Wu Jian
Xom
Yredelemnul
Zin
The Shining One

Shops:
D:5 [   D:7 =   D:8 *   D:9 *

Portals:
Trove: D:10 (give 5 potions of resistance)

Annotations:
D:10 horror
D:12 Frances


Innate Abilities, Weirdness & Mutations

You can breathe blasts of fire.
Your fiery red scales are hard. (AC +8)
You cannot fit into any form of body armour.
Your flesh is heat resistant. (rF+)
You are cold-blooded and may be slowed by cold attacks.


Message History

The alligator simulacrum tail-slaps you but does no damage.
The death yak simulacrum gores you. The death yak simulacrum freezes you!!!
* * * LOW HITPOINT WARNING * * *
Okay, then.
Unknown command.
Unknown command.
Okay, then.
Okay, then.
Okay, then.
Unknown command.
Casting: Sticky Flame
Confirm with . or Enter, or press ? or * to list all spells.
You feel quick. The alligator simulacrum bites you.
* * * LOW HITPOINT WARNING * * *
The alligator simulacrum freezes you!!
You feel yourself slow down.
* * * LOW HITPOINT WARNING * * *
The alligator simulacrum tail-slaps you.
* * * LOW HITPOINT WARNING * * *
The alligator simulacrum freezes you!!
You die...

##..
##...
#...#
...##
#...#
##.§.##
##.8ZZ.##
#...@...#
#.......#
##..∩..##
##...##
#####


You could see an alligator simulacrum, a death yak simulacrum and a friendly
lightning spire.

Vanquished Creatures
  3 two-headed ogres
  3 unseen horrors
  2 centaur zombies
  A gargoyle (D:12)
  4 spiny frogs
  A komodo dragon (D:9)
  2 trolls
  A hippogriff (D:7)
  4 blink frogs (Lair:2)
  Sigmund (D:4)
  A spriggan (D:11)
  A wyvern (D:11)
  5 yaks
  A basilisk (Lair:1)
  2 vampire mosquitoes (D:12)
  A soldier ant (D:12)
  2 water moccasins
  2 slaves (D:8)
  2 porcupines (Lair:1)
  4 sky beasts
  2 ice beasts (D:5)
  4 orc warriors
  2 black bears
  3 phantoms
  2 ogres
  The ghost of herpmino the Shield-Bearer, an amateur FoFi (D:8)
  6 centaurs
  Blork the orc (D:4)
  2 big kobolds
  8 bullfrogs
  2 scorpions
  4 killer bees (D:6)
  3 wights (D:7)
  3 howler monkeys
  An elephant simulacrum (IceCv)
  2 crimson imps
  4 jellies
  5 orc priests
  2 bullfrog zombies (D:12)
  5 centaur skeletons
  3 hounds
  3 bullfrog skeletons
  6 orc wizards
  Terence (D:1)
  3 iguanas
  8 worker ants
  A hound zombie (D:9)
  4 hound skeletons
  3 worker ant zombies
  15 adders
  4 shadow imps
  5 white imps
  3 oozes (D:2)
  2 worms
  3 leopard geckos
  26 orcs
  9 bats
  4 giant cockroaches
  10 goblins
  6 hobgoblins
  17 jackals
  4 quokkas
  6 ball pythons
  6 frilled lizards
  10 kobolds
  12 rats
279 creatures vanquished.

Vanquished Creatures (collateral kills)
  A deep elf mage (D:12)
  Pikel (D:8)
  A cyclops (D:11)
  Joseph (D:7)
  Psyche (D:8)
  2 spiny frogs
  5 blink frogs (Lair:2)
  A hornet (D:12)
  A hippogriff (D:10)
  A vampire (D:9)
  11 yaks
  A wraith (D:12)
  2 hungry ghosts
  2 water moccasins
  2 slaves (D:8)
  A porcupine (Lair:2)
  A swamp drake (Lair:2)
  2 black bears (D:10)
  2 ogres
  2 orc warriors
  2 ice beasts
  3 centaurs
  A phantom (D:8)
  2 crocodiles (Lair:1)
  A bullfrog (Lair:2)
  2 orc priests (D:11)
  2 orc wizards
  An iguana (D:8)
  A polar bear simulacrum (IceCv)
  A shadow imp (D:12)
  7 white imps (Lair:2)
  A leopard gecko (D:10)
  12 orcs
  A ball python (D:8)
  5 kobolds
  A quokka (D:8)
84 creatures vanquished.

Vanquished Creatures (others)
  An orc priest (D:10)
  A worm (D:3)
  A rat (D:3)
  A fungus (Lair:2)
  18 plants
22 creatures vanquished.

Grand Total: 385 creatures vanquished

Notes
Turn   | Place    | Note
-------+----------+-------------------------------------------
     0 | D:1      | hittemvvvvhard the Draconian Air Elementalist began the quest for the Orb.
     0 | D:1      | Reached XP level 1. HP: 14/14 MP: 3/3
   203 | D:1      | Reached XP level 2. HP: 17/22 MP: 0/5
   308 | D:1      | Learned a level 2 spell: Swiftness
   810 | D:1      | Reached skill level 1 in Fighting
   825 | D:1      | Reached XP level 3. HP: 23/28 MP: 0/6
   960 | D:2      | Noticed Terence
  1021 | D:1      | Killed Terence
  1491 | D:2      | Reached XP level 4. HP: 35/35 MP: 1/7
  1881 | D:2      | Learned a level 4 spell: Airstrike
  2659 | D:2      | Found a shimmering altar of Xom.
  2949 | D:3      | Reached skill level 4 in Air Magic
  2949 | D:3      | Reached XP level 5. HP: 41/41 MP: 2/9
  2951 | D:3      | Reached skill level 1 in Charms
  3061 | D:3      | Found a radiant altar of Vehumet.
  3305 | D:3      | Found a blossoming altar of Fedhas.
  4234 | D:4      | Reached XP level 6. HP: 45/49 MP: 3/10
  4508 | D:4      | Noticed Sigmund
  4614 | D:5      | Entered Level 5 of the Dungeon
  5006 | D:5      | Found Larghorow's Antique Armour Shoppe.
  5006 | D:5      | Noticed a sky beast
  5198 | D:5      | Reached skill level 5 in Air Magic
  5734 | D:6      | Your scales start taking on a fiery red colour.
  5734 | D:6      | Reached XP level 7. HP: 43/57 MP: 10/12
  5734 | D:6      | Gained mutation: Your flesh is heat resistant. (rF+) [Red Draconian growth]
  6411 | D:6      | Reached skill level 6 in Air Magic
  6855 | D:7      | Learned a level 3 spell: Static Discharge
  6943 | D:7      | Found a sacrificial altar of Ru.
  7056 | D:7      | Found Xaadauk's Jewellery Shoppe.
  7063 | D:7      | Found a staircase to the Ecumenical Temple.
  7065 | D:7      | Noticed a hippogriff
  7161 | D:7      | Reached XP level 8. HP: 63/66 MP: 11/14
  7783 | Temple   | Entered the Ecumenical Temple
  8280 | D:3      | Became a worshipper of Vehumet
  8357 | D:4      | Reached skill level 7 in Air Magic
  8663 | D:4      | Killed Sigmund
  8663 | D:4      | Reached skill level 5 in Spellcasting
  8792 | D:4      | Noticed Blork the orc
  8821 | D:4      | Killed Blork the orc
  8821 | D:4      | Reached skill level 5 in Fighting
  9297 | D:7      | Killed a hippogriff
  9536 | D:7      | Reached XP level 9. HP: 74/74 MP: 14/17
  9608 | D:7      | Learned a level 4 spell: Summon Lightning Spire
  9832 | D:7      | Reached skill level 1 in Summonings
  9834 | D:7      | Noticed Joseph
  9839 | D:7      | Killed Joseph
  9839 | D:7      | Reached skill level 5 in Dodging
 10213 | D:7      | Found an ornate altar of the Wu Jian Council.
 10318 | D:8      | Noticed Pikel
 10591 | D:8      | Noticed herpmino's ghost (amateur FoFi)
 10596 | D:8      | Killed herpmino's ghost
 10755 | D:8      | Noticed Psyche
 10764 | D:8      | Killed Psyche
 11015 | D:8      | Found Waunk's Serpentskin Sales.
 11023 | D:8      | Reached skill level 8 in Air Magic
 11107 | D:8      | Reached * piety under Vehumet
 11107 | D:8      | Offered knowledge of Flame Tongue by Vehumet.
 11436 | D:8      | Killed Pikel
 11656 | D:9      | Found a staircase to the Lair.
 11656 | D:9      | Noticed a komodo dragon
 11770 | D:9      | Found Beomaov's Assorted Antiques.
 11777 | D:9      | Bought an embroidered cloak for 225 gold pieces
 12164 | D:9      | Got a crystal spear
 12165 | D:9      | Identified the +0 spear "Rutiycoc" {elec, +Blink +Rage rF- rN+} (You found it on level 9 of the Dungeon)
 12253 | D:9      | Noticed a troll
 12289 | D:9      | Killed a troll
 12289 | D:9      | Reached XP level 10. HP: 84/84 MP: 1/19
 12777 | D:9      | Reached skill level 1 in Evocations
 13162 | D:9      | Offered knowledge of Magic Dart by Vehumet.
 13286 | D:10     | Entered Level 10 of the Dungeon
 13293 | D:10     | Reached ** piety under Vehumet
 14951 | D:10     | Found a portal to a secret trove of treasure.
 15582 | D:12     | Reached skill level 9 in Air Magic
 15589 | D:12     | Noticed a two-headed ogre
 15797 | D:12     | Noticed a deep elf mage
 15797 | D:12     | Killed a deep elf mage
 16503 | D:12     | Noticed Frances
 16533 | D:12     | Noticed a gargoyle
 16689 | D:12     | Offered knowledge of Searing Ray by Vehumet.
 16689 | D:12     | Reached XP level 11. HP: 90/94 MP: 11/21
 16767 | D:12     | Killed a two-headed ogre
 16907 | D:12     | Noticed a deep elf mage
 17137 | D:12     | Noticed a two-headed ogre
 17142 | D:12     | Killed a two-headed ogre
 17570 | D:12     | Reached *** piety under Vehumet
 17872 | D:12     | Killed an unseen horror
 18148 | D:11     | Offered knowledge of Sticky Flame by Vehumet.
 18268 | D:11     | Found a shadowy altar of Dithmenos.
 18502 | D:11     | Reached skill level 10 in Air Magic
 18708 | D:11     | Learned a level 4 spell: Sticky Flame
 18886 | D:11     | Reached skill level 1 in Fire Magic
 18961 | D:11     | Noticed a two-headed ogre
 18965 | D:11     | Killed a two-headed ogre
 19049 | D:11     | Killed an unseen horror
 19427 | D:10     | Killed an unseen horror
 19723 | D:8      | Learned a level 2 spell: Blink
 19803 | D:5      | Reached **** piety under Vehumet
 20193 | Lair:1   | Entered Level 1 of the Lair of Beasts
 20887 | Lair:1   | Reached XP level 12. HP: 105/105 MP: 11/24
 21721 | Lair:2   | Offered knowledge of Olgreb's Toxic Radiance by Vehumet.
 21785 | Lair:1   | Reached skill level 5 in Fire Magic
 21911 | Lair:1   | Learned a level 4 spell: Olgreb's Toxic Radiance
 21983 | Lair:2   | Found a frozen archway.
 21989 | Lair:2   | Reached skill level 1 in Translocations
 22130 | Lair:2   | Reached skill level 1 in Poison Magic
 22280 | IceCv    | Entered an ice cave
 22288 | IceCv    | HP: 5/106 [alligator simulacrum (1)]
 22288 | IceCv    | Demolished by an alligator simulacrum

Vault maps used:
D:1:      doesnt_arrival_eight_statues, dk_noncrumbling_3
D:2:      minmay_diamond_boxcup, lemuel_round_altar, uniq_terence
D:3:      fedhas_altar_3, fiery_altar_vehumet
D:4:      kb_forest_paths, gup_sewer_entry_spiral, first_bread,
          uniq_blork_the_orc, uniq_sigmund
D:5:      kennysheep_windowed_goal
D:7:      kennysheep_mini_moat, minmay_temple_entry_grid, serial_shops,
          nicolae_shop_behind_doors, basic_altar, uniq_joseph
D:8:      guppyfry_shop_venom, uniq_pikel, uniq_psyche
D:9:      david_lair_shrubbed, serial_shops, nicolae_shop_statue_plus,
          nicolae_sextant
D:10:     serial_curves, eino_curves_03, eino_curves_03, eino_curves_03,
          eino_curves_03, trove_entry_hex_spiral
D:11:     minmay_orc_entry_temple_small, basic_altar, the_bakery
D:12:     uniq_frances
Temple:   hc_temple_tempest_star
Lair:1:   lab_entry_generic, lemuel_old_faithful
Lair:2:   portal_ice_cave_entry_imps, pond
IceCv:    ice_cave_small_necro

Skill      XL: |  1  2  3  4  5  6  7  8  9 10 11 12 |
---------------+-------------------------------------+-----
Fighting       | 1 2 3 4 5 6 8 9 |  9.7
Conjurations   | 2 4 |  4.0
Dodging        | 2 3 4 5 6 7 8 |  8.2
Spellcasting   | 3 4 5 6 7 8 |  8.6
Air Magic      | 4 5 6 7 8 9 10 | 10.5
Charms         | 1 |  1.0
Summonings     | 4 |  4.4
Evocations     | 3 |  3.4
Fire Magic     | 4 5 |  5.0
Translocations | 1 |  1.7
Poison Magic   | 1 |  1.7
Stealth        | |  1.7

Action                   |  1- 3 |  4- 6 |  7- 9 | 10-12 || total
-------------------------+-------+-------+-------+-------++-------
Melee: Whip              |    67 |       |       |       ||    67
       Tailslap          |     4 |    10 |    15 |    38 ||    67
       Flail             |     1 |   171 |   131 |    26 ||   329
       Morningstar       |       |       |       |   227 ||   227
 Cast: Shock             |    53 |   136 |   221 |   275 ||   685
       Static Discharge  |       |       |     6 |       ||     6
       Swiftness         |       |       |     4 |     3 ||     7
       Airstrike         |       |       |     6 |   106 ||   112
       Summon Lightning  |       |       |    17 |    52 ||    69
       Sticky Flame      |       |       |       |    11 ||    11
       Olgreb's Toxic Ra |       |       |       |     5 ||     5
 Abil: Breathe Fire      |       |       |     5 |    13 ||    18
       Evoke Blink       |       |       |       |     1 ||     1
Evoke: Wand              |       |       |       |     2 ||     2
  Use: Scroll            |       |     3 |     5 |     8 ||    16
       Potion            |       |       |     3 |     8 ||    11
 Stab: Sleeping          |       |     5 |       |     3 ||     8
       Distracted        |       |       |     1 |       ||     1
       Invisible         |       |       |       |     1 ||     1
  Eat: Chunk             |     3 |    12 |    21 |    27 ||    63
       Royal jelly       |       |       |     2 |     2 ||     4
       Bread ration      |       |       |       |     3 ||     3
       Fruit             |       |       |       |     2 ||     2
       Meat ration       |       |       |       |     1 ||     1
Armor: Skin              |    32 |   104 |    92 |   228 ||   456
Dodge: Dodged            |    82 |   152 |   181 |   363 ||   778
